 Dungeon Sprint DCSS version 0.31-a0-818-ge7c7cf74f0 (webtiles) character file.

Game seed: 16832601229988746329

8113 Conn the Arsonist (level 11, -4/66 HPs)
             Began as an Octopode Fire Elementalist on Sept 23, 2023.
             Was the Champion of Sif Muna.
             Slain by an ice devil (11 damage)
             ... in the Dungeon (Sprint VII: "The Pits").
             The game lasted 00:19:04 (2585 turns).

Conn the Arsonist (Octopode Fire Elementalist)      Turns: 2585, Time: 00:19:04

Health: -4/66      AC:  4    Str: 11    XL:     11   Next: 25%
Magic:  6/27       EV: 15    Int: 21    God:    Sif Muna [******]
Gold:   0          SH:  0    Dex: 13    Spells: 4/34 levels left

rFire   . . .        r - +2 morningstar (protect)
rCold   . . .        (no shield)
rNeg    . . .        (helmet restricted)
rPois   .            (no amulet)
rElec   +            m - +3 ring of protection
rCorr   .            n - +3 ring of strength
SInv    .            (no ring)
Will    .....        (no ring)
Stlth   +++          (no ring)
HPRegen 0.31/turn    (no ring)
MPRegen 0.20/turn    (no ring)
                     (no ring)

%: no teleportation
@: very slightly contaminated
A: almost no armour, amphibious, 8 rings, camouflage 1, gelatinous body 1,
(nimble swimmer 1), tentacles, tentacle spike 1, electricity resistance,
MP-powered wands
a: Renounce Religion, Channel Magic, Forget Spell, Divine Exegesis


You were in the Dungeon.
You worshipped Sif Muna.
Sif Muna was exalted by your worship.
You visited 1 branch

Inventory:

Hand Weapons
 g - a +2 dagger
 l - a +2 mace of protection
 r - a +2 morningstar of protection (weapon)
Jewellery
 m - a +3 ring of protection (left tentacle)
 n - a +3 ring of strength (right tentacle)
Wands
 d - a wand of flame (1)
Scrolls
 i - 2 scrolls of vulnerability
 j - 5 scrolls of amnesia
 k - a scroll of butterflies
Potions
 a - 5 potions of magic
 b - 6 potions of curing
 c - a potion of heal wounds
 e - 4 potions of berserk rage
 h - 2 potions of invisibility
 o - 2 potions of haste
 p - 2 potions of mutation
 q - 2 potions of resistance


   Skills:
 + Level 2.6 Fighting
 + Level 2.5 Short Blades
 + Level 0.2 Maces & Flails
 + Level 6.7 Dodging
 - Level 3.0 Stealth
 + Level 12.1 Spellcasting
 * Level 10.8 Conjurations
 + Level 3.0 Hexes
 * Level 5.7 Summonings
 + Level 14.0 Fire Magic
 * Level 5.9 Ice Magic
 * Level 5.7 Air Magic
 + Level 1.0 Earth Magic
 * Level 11.0 Invocations


You had 4 spell levels left.
You knew the following spells:

 Your Spells              Type           Power      Damage    Failure   Level
a - Foxfire               Conj/Fire      100%       2x1d9     1%          1
b - Scorch                Fire           100%       2d9       1%          2
c - Inner Flame           Hex/Fire       48%        N/A       1%          3
d - Flame Wave            Conj/Fire      60%        2d14      1%          4
e - Freezing Cloud        Conj/Ice/Air   22%        6-21      7%          5
f - Summon Ice Beast      Ice/Summ       37%        N/A       4%          4
g - Plasma Beam           Fire/Air       26%        2x1d39    14%         6
h - Arcjolt               Conj/Air       23%        1d33      4%          5

Your spell library contained the following spells:

 Spells                   Type           Power      Damage    Failure   Level
 Freeze                   Ice            100%       1d10      1%          1
 Magic Dart               Conj           100%       1d8       1%          1
 Static Discharge         Conj/Air       94%        2-6/arc   1%          2
 Dazzling Flash           Conj/Hex       84%        N/A       1%          3
 Frozen Ramparts          Ice            74%        1d12      1%          3
 Hailstorm                Conj/Ice       48%        3d11      1%          3
 Volatile Blastmotes      Fire/Tloc      84%        2d17      1%          3
 Sticky Flame             Conj/Fire      60%        2d8       1%          4
 Fulminant Prism          Conj/Hex       21%        3d12      3%          4
 Iskenderun's Battlesphe  Conj           55%        2d11      1%          5
 Orb of Destruction       Conj           27%        9d9       45%         7
 Yara's Violent Unravell  Hex/Tmut       9%         3d6       61%         5
 Ignition                 Fire           32%        3d10      71%         8
 Borgnjor's Vile Clutch   Necr/Erth      7%         N/A       75%         5
 Alistair's Intoxication  Tmut/Pois      8%         N/A       82%         5
 Spellforged Servitor     Conj/Summ      23%        N/A       82%         7
 Ozocubu's Refrigeration  Ice            18%        4d11      98%         7
 Eringya's Noxious Bog    Tmut/Pois      6%         4d6       100%        6
 Lehudib's Crystal Spear  Conj/Erth      18%        10d6      100%        8


Dungeon Overview and Level Annotations

Branches:
Dungeon (1/1)

Altars:
Ashenzari
Cheibriados
Dithmenos
Elyvilon
Fedhas
Gozag
Hepliaklqana
Kikubaaqudgha
Makhleb
Nemelex Xobeh
Okawaru
Qazlal
Ru
Sif Muna
Trog
Uskayaw
Vehumet
Wu Jian
Xom
Yredelemnul
Zin
The Shining One
Jiyva
Lugonu


Innate Abilities, Weirdness & Mutations

You cannot wear most types of armour.
You are amphibious.
You can wear up to eight rings at the same time.
Your skin changes colour to match your surroundings (Stealth+).
Your rubbery body absorbs attacks. (AC +1, EV +1)
((You are camouflaged when in or above water. (Stealth+)))
You have tentacles for arms and can constrict up to eight enemies at once.
One of your tentacles bears a spike.
You are resistant to electric shocks. (rElec)
You expend magic power (3 MP) to strengthen your wands.


Message History

The naga warrior roars a battlecry!
The nagas go into a battle-frenzy!
Casting: Freezing Cloud (dangerous; 7% risk of failure)
Confirm with . or Enter, or press ? or * to list all spells.
Aiming: Freezing Cloud (dangerous; 7% risk of failure)
Press: ? - help, Dir - move target, p - naga Unknown command.
You feel less invigorated.
The naga is engulfed in freezing vapours. x2
The naga spits poison at you. The splash of poison hits you!
You are poisoned.
* * * LOW HITPOINT WARNING * * *
There is an open door, spattered with blood here.
You feel sick.
You close the door.
You feel sick.
You feel better.
There is an open door here.
Things that are here:
a +1 dagger of freezing; a +0 robe
Things that are here:
a +0 club; a +0 falchion; a +0 ring mail
Casting: Freezing Cloud (dangerous; 7% risk of failure)
Confirm with . or Enter, or press ? or * to list all spells.
Flames lash the ice devil.
The ice devil is burned terribly!
The ice devil is moderately wounded.
The ice devil's fire resistance burns away.
Unknown command.
Casting: Scorch (safe; 1% risk of failure)
Confirm with . or Enter, or press ? or * to list all spells.
Casting: Flame Wave (safe; 1% risk of failure)
Press: ? - help, Dir - look around, f - activate A wave of flame ripples out!
The flame wave engulfs the ice devil but does no damage.
The ice devil is moderately wounded. (Press . to intensify the flame waves.)
The ice devil hits you!
* * * LOW HITPOINT WARNING * * *
The ice devil freezes you!
You die...

.##''##### ###########
.##.)....# #.........#
.##......# ##.......## .
.###))..## ####)..######## #..
.# ##''## ###..'...'..##..# ....
.###..[)###.).)##'##.....# 4....
.##......#....##)..##....#)N....
###......'....')))..+.N):)NN....
###......#...)##@..##.4..#).....
[###....###...)##4##.....# .....
[# ##['## ###..'...N..##..# ....
.###....## ####...######## #..
)##......# ##.......## .
)##......# #.........#
########## ###########


You could see an ice devil (combustible) and a naga (strong).

Vanquished Creatures
  A sea snake (D)
  An orc knight (D)
  A deep elf pyromancer (D)
  A manticore (D)
  A rust devil (D)
  A gargoyle (D)
  A kobold demonologist (D)
  A freezing wraith (D)
  A guardian mummy (D)
  A komodo dragon (D)
  An ice devil (D)
  A tyrant leech (D)
  A polar bear (D)
  A tarantella (D)
  A nameless horror (D)
  4 blink frogs (D)
  A shadow (D)
  A ynoxinul (D)
  A steam dragon (D)
  A small abomination (D)
  3 wargs (D)
  An acid dragon (D)
  2 floating eyes (D)
  An orc warrior (D)
  A sky beast (D)
  2 ice beasts (D)
  A black bear (D)
  6 wolves (D)
  A centaur (D)
  A phantom (D)
  2 kobold brigands (D)
  Blork the orc (D)
  A scorpion (D)
  8 wights (D)
  3 orc wizards (D)
  A hell rat (D)
  2 mummies (D)
  3 adders (D)
  4 river rats (D)
  10 orcs (D)
  3 bats (D)
  3 endoplasms (D)
  A kobold (D)
  A ball python (D)
  A rat (D)
86 creatures vanquished.

Vanquished Creatures (others)
  75 foxfires (D)
75 creatures vanquished.

Grand Total: 161 creatures vanquished

Notes
Turn   | Place    | Note
-------+----------+-------------------------------------------
     0 | D        | Conn the Octopode Fire Elementalist began the quest for the
                  | Orb.
     0 | D        | Reached XP level 1. HP: 11/11 MP: 3/3
    16 | D        | Reached skill level 4 in Fire Magic
    16 | D        | Reached XP level 2. HP: 11/17 MP: 0/5
    92 | D        | Found a bloodstained altar of Trog.
    92 | D        | Found a shimmering blue altar of Sif Muna.
    92 | D        | Found a viscous altar of Jiyva.
    92 | D        | Found a hazy altar of Hepliaklqana.
    92 | D        | Found an opulent altar of Gozag.
    93 | D        | Found a glowing golden altar of the Shining One.
    93 | D        | Found a glowing silver altar of Zin.
    93 | D        | Found a basalt altar of Yredelemnul.
    93 | D        | Found a shimmering altar of Xom.
    93 | D        | Found an ornate altar of the Wu Jian Council.
    93 | D        | Found a sacrificial altar of Ru.
    93 | D        | Found a stormy altar of Qazlal.
    93 | D        | Found an iron altar of Okawaru.
    93 | D        | Found a sparkling altar of Nemelex Xobeh.
    93 | D        | Found a burning altar of Makhleb.
    93 | D        | Found a blossoming altar of Fedhas.
    93 | D        | Found a white marble altar of Elyvilon.
    93 | D        | Found a shadowy altar of Dithmenos.
    93 | D        | Found a snail-covered altar of Cheibriados.
    94 | D        | Found a radiant altar of Vehumet.
    94 | D        | Found a corrupted altar of Lugonu.
    95 | D        | Found an ancient bone altar of Kikubaaqudgha.
    95 | D        | Found a hide-covered altar of Uskayaw.
    95 | D        | Found a broken altar of Ashenzari.
    96 | D        | Became a worshipper of Sif Muna the Loreminder
   141 | D        | Noticed a scorpion
   152 | D        | Killed a scorpion
   152 | D        | Reached * piety under Sif Muna
   153 | D        | Reached skill level 6 in Fire Magic
   153 | D        | Reached XP level 3. HP: 21/21 MP: 1/8
   153 | D        | Reached XP level 4. HP: 27/27 MP: 1/10
   231 | D        | Learned a level 2 spell: Scorch
   235 | D        | Learned a level 3 spell: Inner Flame
   240 | D        | Learned a level 4 spell: Flame Wave
   246 | D        | Noticed a floating eye
   249 | D        | Reached ** piety under Sif Muna
   253 | D        | Killed a floating eye
   254 | D        | Reached skill level 5 in Spellcasting
   254 | D        | Reached skill level 8 in Fire Magic
   254 | D        | Reached XP level 5. HP: 28/31 MP: 1/12
   260 | D        | Reached *** piety under Sif Muna
   404 | D        | Noticed a warg
   411 | D        | Killed a warg
   411 | D        | Noticed a phantom
   411 | D        | Noticed a kobold brigand
   412 | D        | Reached skill level 5 in Conjurations
   412 | D        | Reached skill level 9 in Fire Magic
   412 | D        | Reached XP level 6. HP: 36/36 MP: 5/15
   416 | D        | Reached **** piety under Sif Muna
   417 | D        | Reached skill level 1 in Short Blades
   417 | D        | Reached skill level 5 in Dodging
   417 | D        | Reached XP level 7. HP: 41/41 MP: 2/17
   534 | D        | Reached skill level 10 in Fire Magic
   571 | D        | Noticed a sea snake
   580 | D        | Killed a sea snake
   581 | D        | Reached skill level 1 in Fighting
   581 | D        | Reached skill level 11 in Fire Magic
   581 | D        | Reached XP level 8. HP: 39/48 MP: 2/20
   703 | D        | Noticed Blork the orc
   707 | D        | Killed Blork the orc
   707 | D        | Reached ***** piety under Sif Muna
   707 | D        | Identified Xaexah's Spellbook of Boreal Changes (Sif Muna
                  | gifted it to you in the Dungeon)
   707 | D        | Received a gift from Sif Muna
   783 | D        | Noticed a ynoxinul
   786 | D        | Noticed a shadow
   791 | D        | Killed a ynoxinul
   791 | D        | Killed a shadow
   941 | D        | Reached skill level 1 in Hexes
  1011 | D        | Gained mutation: You are resistant to electric shocks.
                  | (rElec) [potion of mutation]
  1011 | D        | Gained mutation: One of your tentacles bears a spike.
                  | [potion of mutation]
  1011 | D        | Gained mutation: You expend magic power (3 MP) to
                  | strengthen your wands. [potion of mutation]
  1093 | D        | Noticed an orc knight
  1102 | D        | Reached XP level 9. HP: 23/53 MP: 13/22
  1124 | D        | Killed an orc knight
  1125 | D        | Reached skill level 10 in Spellcasting
  1125 | D        | Reached skill level 12 in Fire Magic
  1268 | D        | Paralysed by a floating eye for 2 turns
  1306 | D        | Learned a level 5 spell: Freezing Cloud
  1311 | D        | Learned a level 4 spell: Summon Ice Beast
  1314 | D        | Identified Rumupent's Directory of Violence (Sif Muna
                  | gifted it to you in the Dungeon)
  1314 | D        | Received a gift from Sif Muna
  1314 | D        | Noticed a tarantella
  1318 | D        | Killed a tarantella
  1319 | D        | Reached skill level 1 in Summonings
  1319 | D        | Reached skill level 1 in Ice Magic
  1319 | D        | Reached skill level 1 in Air Magic
  1408 | D        | Noticed a freezing wraith
  1415 | D        | Killed a freezing wraith
  1416 | D        | Reached XP level 10. HP: 35/60 MP: 8/24
  1417 | D        | Reached skill level 13 in Fire Magic
  1417 | D        | Identified Sif Muna's Enchiridion on Igneous Pollution (Sif
                  | Muna gifted it to you in the Dungeon)
  1417 | D        | Received a gift from Sif Muna
  1429 | D        | Learned a level 6 spell: Plasma Beam
  1551 | D        | Noticed a kobold demonologist
  1561 | D        | Noticed a nameless horror
  1570 | D        | Killed a nameless horror
  1778 | D        | Identified Sif Muna's Essays on Stony Concussion (Sif Muna
                  | gifted it to you in the Dungeon)
  1778 | D        | Received a gift from Sif Muna
  1781 | D        | Noticed a deep elf pyromancer
  1782 | D        | Reached ****** piety under Sif Muna
  1786 | D        | Killed a deep elf pyromancer
  1787 | D        | Reached skill level 10 in Conjurations
  1792 | D        | Identified Lom Lobon's Cyclopedia of Windy Bruises (Sif
                  | Muna gifted it to you in the Dungeon)
  1792 | D        | Received a gift from Sif Muna
  1800 | D        | Killed a kobold demonologist
  2026 | D        | Noticed a rust devil
  2049 | D        | Identified Sif Muna's Collected Works on Kinetic Energy
                  | (Sif Muna gifted it to you in the Dungeon)
  2049 | D        | Received a gift from Sif Muna
  2268 | D        | Killed a rust devil
  2269 | D        | Reached skill level 10 in Invocations
  2280 | D        | Learned a level 5 spell: Arcjolt
  2371 | D        | Reached skill level 5 in Ice Magic
  2406 | D        | Reached skill level 5 in Summonings
  2406 | D        | Reached skill level 5 in Air Magic
  2556 | D        | Reached XP level 11. HP: 66/66 MP: 19/26
  2558 | D        | Noticed a manticore
  2562 | D        | Identified Vasecr Motuh's Reference Book on Hexes and
                  | Calefaction (Sif Muna gifted it to you in the Dungeon)
  2562 | D        | Received a gift from Sif Muna
  2562 | D        | Killed a manticore
  2566 | D        | Reached skill level 14 in Fire Magic
  2572 | D        | Noticed a naga warrior
  2572 | D        | Noticed a naga sharpshooter
  2573 | D        | Received a gift from Sif Muna
  2574 | D        | Reached skill level 1 in Earth Magic
  2585 | D        | Slain by an ice devil

Illustrated notes

Levels and vault maps discovered:
D:        pitsprint [storerooms_1, entrance_room_1, metal_vault_2, armoury_1,
          mini_pit_1, grid_room_1, main_hall_1, silver_pit, the_coven_1,
          the_vestibule_1, steel_vault_3, golden_pit, hallway_of_sentries,
          crystal_vault_1, iron_vault_1, final_vault]

Skill      XL: |  1  2  3  4  5  6  7  8  9 10 11 |
---------------+----------------------------------+-----
Stealth        | 3 |  3.0
Fire Magic     | 4 6 8 9 11 12 13 14 | 14.0
Spellcasting   | 4 5 6 8 9 10 11 12 | 12.1
Dodging        | 3 4 5 6 |  6.7
Conjurations   | 3 4 5 6 7 8 9 10 | 10.8
Invocations    | 2 4 6 7 8 10 11 | 11.0
Short Blades   | 1 2 |  2.5
Fighting       | 1 2 |  2.6
Hexes          | 1 2 3 |  3.0
Summonings     | 2 5 |  5.7
Ice Magic      | 2 5 |  5.9
Air Magic      | 2 5 |  5.7
Earth Magic    | 1 |  1.0
Maces & Flails | |  0.2

Action                     |  1- 3 |  4- 6 |  7- 9 | 10-12 || total
---------------------------+-------+-------+-------+-------++-------
  Melee: Unarmed           |     2 |       |       |       ||     2
         Constrict         |     2 |     3 |       |     1 ||     6
         Dagger            |     4 |    11 |       |       ||    15
         Tentacles         |       |     1 |       |     1 ||     2
         Mace              |       |       |     1 |       ||     1
         Morningstar       |       |       |       |     3 ||     3
         Kick              |       |       |       |     1 ||     1
   Cast: Foxfire           |    10 |     8 |     6 |    18 ||    42
         Flame Wave        |       |     1 |    10 |    14 ||    25
         Scorch            |       |     3 |    19 |    21 ||    43
         Inner Flame       |       |     1 |     5 |     4 ||    10
         Lehudib's Crystal |       |       |       |     2 ||     2
         Summon Ice Beast  |       |       |       |     2 ||     2
         Freezing Cloud    |       |       |       |     2 ||     2
         Arcjolt           |       |       |       |     1 ||     1
         Plasma Beam       |       |       |       |     1 ||     1
 Invoke: Channel Magic     |       |       |       |     4 ||     4
         Divine Exegesis   |       |       |       |     2 ||     2
    Use: Potion            |       |       |     6 |     4 ||    10
         Scroll            |       |       |       |     1 ||     1
   Stab: Sleeping          |       |       |     1 |       ||     1
 Armour: Skin              |     2 |     6 |    17 |    38 ||    63
  Dodge: Dodged            |     9 |     5 |    15 |    50 ||    79

Table legend: (Time is in decaauts)
 A = Elapsed time spent in this place.
 B = Non-inter-level travel time spent in this place.
 C = Inter-level travel time spent in this place.
 D = Time resting spent in this place.
 E = Time spent auto-exploring this place.
 F = Levels seen in this place.
 G = Mean time per level.
                   A        B        C        D        E       F      G
               +--------+--------+--------+--------+--------+-----+--------+
         Total |   2532 |   2532 |      0 |   1643 |      0 |   1 | 2532.0 |
       Dungeon |   2532 |   2532 |      0 |   1643 |      0 |   1 | 2532.0 |
               +--------+--------+--------+--------+--------+-----+--------+

Top non-repeatable levels by time:
       D: 2532 daAuts
